 Dungeon Crawl Stone Soup version 0.29.1-15-g9cfb28693d (webtiles) character file.

Game seed: 310669629350413605

59903 DemonSlayer the Covert (level 14, -6/98 HPs)
             Began as a Demonspawn Earth Elementalist on Apr 7, 2023.
             Was a High Priest of Dithmenos.
             Killed from afar by Azrael (18 damage)
             ... with damnation
             ... on level 13 of the Dungeon on Apr 8, 2023.
             The game lasted 01:03:25 (26633 turns).

DemonSlayer the Covert (DsEE)                      Turns: 26633, Time: 01:03:27

Health: -6/98      AC: 10    Str: 10    XL:     14   Next: 54%
Magic:  30/30      EV: 20    Int: 20    God:    Dithmenos [*****.]
Gold:   1046       SH:  0    Dex: 28    Spells: 1/37 levels left

rFire   . . .      SeeInvis .   A - +7 demon trident (vamp)
rCold   + . .      Faith    .   (no shield)
rNeg    + + .      Spirit   .   w - +3 leather armour {rN+}
rPois   +          Reflect  .   i - +2 hat
rElec   +          Harm     .   (cloak unavailable)
rCorr   +          Rampage  .   t - +0 pair of gloves
Will    +....                   F - +0 pair of boots
Stlth   +++++++...              I - amulet of regeneration
HPRegen 1.06/turn               L - ring of Wozxuofe {rPois rF- rN+ Int+4 Dex+6}
MPRegen 0.22/turn               J - +4 ring of evasion

@: confused, mighty, resistant, ambrosia-drunk, on berserk cooldown, hasted and
slowed, wreathed by umbra, studying Poison Magic, invisible (expiring)
A: thin skeletal structure 2, ignite blood 3, demonic magic 2, weakness stinger
3
a: Renounce Religion, Shadow Step, Shadow Form


You were on level 13 of the Dungeon.
You worshipped Dithmenos.
Dithmenos was extremely pleased with you.
You visited 2 branches of the dungeon, and saw 18 of its levels.

You collected 1215 gold pieces.
You spent 169 gold pieces at shops.

Inventory:

Hand Weapons
 A - a +7 vampiric demon trident (weapon)
Missiles
 y - 6 throwing nets
 R - 4 silver javelins
Armour
 i - a +2 hat (worn)
 t - a +0 pair of gloves (worn)
 w - a +3 leather armour of positive energy (worn)
 F - a +0 pair of boots (worn)
Jewellery
 d - a ring of positive energy
 I - an amulet of regeneration (around neck)
 J - a +4 ring of evasion (right hand)
 L - the ring of Wozxuofe (left hand) {rPois rF- rN+ Int+4 Dex+6}
   (You found it on level 12 of the Dungeon)

   [ring of dexterity]

   Int:       It affects your intelligence (+4).
   Dex:       It affects your dexterity (+6).
   rF:        It makes you vulnerable to fire.
   rPois:     It protects you from poison.
   rN:        It protects you from negative energy.
Wands
 a - a wand of paralysis (12)
 n - a wand of roots (34)
 s - a wand of polymorph (7)
 x - a wand of flame (53)
 G - a wand of mindburst (3)
 P - a wand of quicksilver (5)
Scrolls
 b - 3 scrolls of blinking
 c - a scroll of silence
 f - 2 scrolls of vulnerability
 g - 14 scrolls of teleportation
 h - 4 scrolls of poison
 k - a scroll of amnesia
 m - 5 scrolls of fear
 C - 2 scrolls of enchant armour
 E - 2 scrolls of torment
 H - 5 scrolls of fog
 N - 2 scrolls of identify
Potions
 e - 9 potions of curing
 j - 5 potions of flight
 l - 6 potions of lignification
 o - 6 potions of mutation
 q - 2 potions of ambrosia
 u - a potion of brilliance
 v - a potion of invisibility
 B - 3 potions of attraction
Miscellaneous
 K - a tin of tremorstones (2/2)


   Skills:
 + Level 5.0 Fighting
 + Level 5.4 Short Blades
 + Level 2.7 Polearms
 + Level 4.3 Armour
 + Level 5.2 Dodging
 + Level 12.9 Stealth
 + Level 12.3 Spellcasting
 + Level 9.3 Conjurations
 + Level 0.8 Transmutations
 + Level 11.3 Earth Magic


You had one spell level left.
You knew the following spells:

 Your Spells              Type           Power      Damage    Failure   Level
a - Sandblast             Erth           100%       2d20      1%          1
b - Passwall              Tmut/Erth      30%        N/A       1%          2
c - Stone Arrow           Conj/Erth      100%       3d13      1%          3
d - Mephitic Cloud        Conj/Pois/Air  24%        N/A       6%          3
e - Petrify               Tmut/Erth      36%        N/A       6%          4
f - Cause Fear            Hex            6%         N/A       58%         4
g - Ignite Poison         Fire/Tmut/Pois 13%        N/A       19%         3
h - Fulminant Prism       Conj/Hex       15%        3d11      11%         4
i - Iskenderun's Mystic   Conj/Tloc      31%        2d8       11%         4
j - Summon Guardian Gole  Hex/Summ       12%        N/A       22%         3
k - Blink                 Tloc           24%        N/A       11%         2
l - Swiftness             Air            12%        N/A       22%         3

Your spell library contained the following spells:

 Spells                   Type           Power      Damage    Failure   Level
 Magic Dart               Conj           100%       1d8       1%          1
 Shock                    Conj/Air       100%       1d9       1%          1
 Beastly Appendage        Tmut           30%        N/A       4%          1
 Freeze                   Ice            48%        1d7       8%          1
 Summon Small Mammal      Summ           48%        N/A       8%          1
 Lee's Rapid Deconstruct  Erth           27%        3d16*     1%          5
 Conjure Flame            Conj/Fire      31%        6-21      3%          3
 Wereblood                Tmut           15%        N/A       8%          2
 Call Imp                 Summ           12%        N/A       11%         2
 Ensorcelled Hibernation  Hex/Ice        24%        N/A       11%         2
 Hailstorm                Conj/Ice       31%        3d8       11%         4
 Sticky Flame             Conj/Fire      31%        2d5       11%         4
 Spider Form              Tmut/Pois      14%        N/A       19%         3
 Call Canine Familiar     Summ           12%        N/A       22%         3
 Frozen Ramparts          Ice            24%        1d4       22%         3
 Gell's Gravitas          Tloc           12%        N/A       22%         3
 Inner Flame              Hex/Fire       12%        N/A       22%         3
 Lesser Beckoning         Tloc           12%        N/A       22%         3
 Ozocubu's Armour         Ice            12%        N/A       22%         3
 Teleport Other           Tloc           12%        N/A       22%         3
 Ice Form                 Ice/Tmut       14%        N/A       52%         4
 Airstrike                Air            6%         2d(1-17)  58%         4
 Summon Ice Beast         Ice/Summ       12%        N/A       58%         4
 Summon Lightning Spire   Summ/Air       12%        N/A       58%         4
 Manifold Assault         Tloc           12%        N/A       90%         5
 Metabolic Englaciation   Hex/Ice        6%         N/A       90%         5
 Simulacrum               Ice/Necr       6%         N/A       100%        6
 Storm Form               Tmut/Air       7%         N/A       100%        7
 Discord                  Hex            6%         N/A       100%        8
 Maxwell's Capacitive Co  Air            6%         ∞         100%        8


Dungeon Overview and Level Annotations

Branches:
Dungeon (13/15)            Temple (0/1) D:7            Lair (5/5) D:11
 Shoals (0/4) Lair:2        Snake (0/4) Lair:3        Slime (0/5) Lair:4
    Orc (0/2) D:12         Vaults (0/5) D:13

Altars:
Dithmenos
Hepliaklqana
Okawaru
Qazlal
Sif Muna
Trog
Jiyva

Shops:
D:6 !

Annotations:
D:5 3 runed translucent doors, hawla's ghost, novice MeIE
D:13 Azrael


Innate Abilities, Weirdness & Mutations

You have a moderately thin skeletal structure. (Dex +4, Stealth++)
Your demonic aura causes all spilled blood to erupt in flames.
Spells you cast may paralyse nearby enemies.
You have a sharp stinger which inflicts weakening toxins.


Message History

The fire elemental completely resists.
The blast of flame hits you!
* * * LOW HITPOINT WARNING * * *
You catch the helpless fire elemental completely off-guard!
You impale the fire elemental!! You tail-slap the fire elemental!
You destroy the fire elemental!
Dithmenos accepts your kill.
Azrael laughs insanely.
You puncture the fire elemental!
The fire elemental is moderately damaged.
The fire elemental misses you.
You strike the helpless fire elemental from behind!
You impale the fire elemental!!
The fire elemental is almost destroyed.
You flicker for a moment.
The fire elemental hits you. The fire elemental burns you!
* * * LOW HITPOINT WARNING * * *
You impale the fire elemental!!
You destroy the fire elemental!
Dithmenos accepts your kill.
You puncture the hell hound!
The hell hound is moderately wounded.
Your shadow barely misses the hell hound.
Azrael gestures at you.
The sticky flame hits the hell hound.
The hell hound completely resists.
The hell hound is covered in liquid flames!
The hell hound bites you.
* * * LOW HITPOINT WARNING * * *
You puncture the hell hound!
The hell hound is almost dead.
You are no longer berserk.
You are exhausted.
You feel yourself slow down. The hell hound misses you.
You are confused.
You feel invigorated. The hell hound barely misses you. Azrael gestures at you.
The sphere of damnation explodes!
The damnation engulfs the hell hound!!
The hell hound dies!
The damnation engulfs Azrael.
Azrael completely resists.
The damnation engulfs you!!
You die...

.........# #...Eh°..#
.........###....☼...+
...........#....○...#
.........#.+....○..?#
.........# #........#
+## ######.### ##○#
..# #.## #R.# #.#
#..# #†## #.# ##.#
##@### #.# ######.###
#....# #.#
#........### #....#
######'##
#..........###....#
#........
#........#...'....###
#........
#........#####....'.#
#........ #........#
#.>..#.####........
#........#
#....#....#.....<..
#........#
#....####.#........


You could see Azrael (wandering, unable to see you).

Vanquished Creatures
  Rupert (D:12)
  The ghost of nroviw the Destroyer, a journeyman DrCj of Vehumet (Lair:2)
  Nessos (Lair:4)
  The ghost of Huasawuy the Grappler, a journeyman TrHW of Okawaru (Lair:3)
  The ghost of Zyvuhuv the Cruncher, a journeyman GnCj of Ashenzari (D:12)
  4 hydras
  4 vault guards (D:13)
  3 two-headed ogres
  A boulder beetle (Lair:2)
  A death yak (Lair:5)
  Urug (D:13)
  4 skeletal warriors (D:12)
  Pikel (D:4)
  A manticore (D:12)
  2 moths of wrath (Lair:2)
  2 cyclopes
  2 ugly things
  11 elephants
  4 black mambas
  Joseph (D:8)
  Psyche (D:10)
  11 cane toads
  3 kobold demonologists
  10 komodo dragons
  2 rime drakes (Lair:5)
  4 trolls
  A merfolk (D:9)
  A queen bee (D:12)
  7 hornets
  9 slime creatures
  2 polar bears (Lair:5)
  A dream sheep (Lair:5)
  14 blink frogs
  A wraith (D:13)
  A shadow (D:11)
  14 spriggans (Lair:5)
  2 vampires (D:11)
  4 wyverns
  3 fire elementals (D:13)
  48 yaks
  3 fire bats (Lair:5)
  4 basilisks
  Menkaure (D:4)
  Duvessa (D:4)
  7 nagas (Lair:3)
  An acid dragon (D:10)
  2 hell hounds (D:13)
  12 water moccasins
  5 black bears
  A sky beast (D:7)
  3 orc warriors
  33 wolves
  3 boggarts (Lair:5)
  A lemure (D:4)
  11 centaurs
  A kobold brigand (D:10)
  2 phantoms
  9 bullfrogs
  2 necrophages (D:7)
  Blork the orc (D:4)
  3 scorpions
  3 wights (D:6)
  Dowan (D:4)
  10 killer bees
  5 howler monkeys
  3 jellies
  6 orc priests
  2 gnoll boudas
  3 hounds
  7 orc wizards
  4 iguanas
  4 hell rats (Lair:1)
  12 gnolls
  7 adders
  2 shadow imps (D:5)
  An ufetubus (D:7)
  A worm (D:3)
  2 dart slugs
  41 orcs
  10 bats
  2 endoplasms (D:1)
  9 goblins
  5 hobgoblins
  6 jackals
  A quokka (D:2)
  7 ball pythons
  3 frilled lizards
  28 kobolds
  6 rats
483 creatures vanquished.

Vanquished Creatures (others)
  2 hell hounds (D:13)
  A fulminant prism (D:12)
  19 fungi
  20 plants
42 creatures vanquished.

Grand Total: 525 creatures vanquished

Notes
Turn   | Place    | Note
-------+----------+-------------------------------------------
     0 | D:1      | DemonSlayer the Demonspawn Earth Elementalist began the
                  | quest for the Orb.
     0 | D:1      | Reached XP level 1. HP: 13/13 MP: 3/3
   348 | D:1      | Gained mutation: You have a somewhat thin skeletal
                  | structure. (Dex +2, Stealth+) [demonic ancestry]
   348 | D:1      | Reached XP level 2. HP: 19/19 MP: 3/5
   351 | D:1      | Learned a level 2 spell: Passwall
   812 | D:2      | Gained mutation: Spells you cast may paralyse adjacent
                  | enemies. [demonic ancestry]
   812 | D:2      | Reached XP level 3. HP: 24/24 MP: 6/6
  1426 | D:2      | Found a faded altar of an unknown god.
  1602 | D:2      | Learned a level 3 spell: Stone Arrow
  2344 | D:3      | Gained mutation: You have a small tail. [demonic ancestry]
  2344 | D:3      | Reached XP level 4. HP: 30/30 MP: 8/8
  2928 | D:3      | Learned a level 3 spell: Mephitic Cloud
  3016 | D:4      | Noticed a lemure
  3026 | D:4      | Noticed Menkaure
  3032 | D:4      | Killed Menkaure
  3033 | D:4      | Gained mutation: You have a tail ending in a sharp stinger.
                  | [demonic ancestry]
  3033 | D:4      | Reached XP level 5. HP: 7/36 MP: 3/10
  3483 | D:4      | Noticed Dowan
  3487 | D:4      | Killed Dowan
  3487 | D:4      | Noticed Duvessa
  3488 | D:4      | Gained mutation: Your demonic aura sometimes causes spilled
                  | blood to erupt in flames. [demonic ancestry]
  3488 | D:4      | Reached XP level 6. HP: 42/42 MP: 7/11
  3496 | D:5      | Entered Level 5 of the Dungeon
  4080 | D:4      | Noticed Blork the orc
  4085 | D:4      | Killed Blork the orc
  4086 | D:4      | Reached skill level 1 in Short Blades
  4176 | D:4      | Found a stormy altar of Qazlal.
  4176 | D:4      | Found an iron altar of Okawaru.
  4351 | D:4      | Noticed Pikel
  4383 | D:4      | Killed Pikel
  4384 | D:4      | Reached skill level 5 in Earth Magic
  4384 | D:4      | Reached XP level 7. HP: 39/47 MP: 9/14
  4465 | D:4      | Reached skill level 5 in Spellcasting
  4566 | D:4      | Killed Duvessa
  4567 | D:4      | Gained mutation: Spells you cast may paralyse nearby
                  | enemies. [demonic ancestry]
  4567 | D:4      | Reached XP level 8. HP: 53/53 MP: 12/15
  4668 | D:4      | Learned a level 4 spell: Petrify
  4673 | D:4      | Learned a level 4 spell: Cause Fear
  5108 | D:5      | Reached skill level 1 in Fighting
  5373 | D:5      | Reached skill level 5 in Stealth
  5420 | D:5      | Found a shimmering blue altar of Sif Muna.
  5499 | D:5      | Found a runed translucent gate.
  5676 | D:5      | Found a runed translucent gate.
  5676 | D:5      | Noticed hawla's ghost (novice MeIE)
  5677 | D:5      | Found a runed translucent gate.
  5839 | D:6      | Found Seyghaph's Distillery.
  5843 | D:6      | Bought a potion of mutation for 104 gold pieces
  5843 | D:6      | Bought a potion of heal wounds for 65 gold pieces
  5961 | D:6      | Identified the +6 great mace of Sufficient Valour {vamp,
                  | Int-2 Dex+4}
  6509 | D:6      | Noticed a troll
  6516 | D:6      | Killed a troll
  6517 | D:6      | Reached XP level 9. HP: 7/59 MP: 1/19
  7091 | D:6      | Found a hazy altar of Hepliaklqana.
  7096 | D:6      | Found a shadowy altar of Dithmenos.
  7331 | D:6      | Became a worshipper of Dithmenos the Shadowed
  9353 | D:7      | Identified the +4 rapier of Checks and Balances {vorpal,
                  | rC++}
  9374 | D:7      | Reached skill level 1 in Conjurations
  9492 | D:7      | Found a staircase to the Ecumenical Temple.
  9554 | D:7      | Found a bloodstained altar of Trog.
  9745 | D:7      | Learned a level 3 spell: Ignite Poison
 10081 | D:8      | Noticed Joseph
 10088 | D:8      | Killed Joseph
 10695 | D:9      | Reached * piety under Dithmenos
 10858 | D:9      | Noticed a two-headed ogre
 10860 | D:9      | Identified the +1 cloak "Xecwau" {Str+4}
 10865 | D:9      | Killed a two-headed ogre
 10866 | D:9      | Gained mutation: You have a sharp stinger which inflicts
                  | weakening toxins. [demonic ancestry]
 10866 | D:9      | Reached XP level 10. HP: 67/67 MP: 11/21
 10980 | D:9      | Reached skill level 1 in Armour
 11873 | D:10     | Entered Level 10 of the Dungeon
 11904 | D:10     | Noticed a two-headed ogre
 11911 | D:10     | Killed a two-headed ogre
 12411 | D:10     | Noticed a green ugly thing
 12419 | D:10     | Killed a green ugly thing
 12516 | D:10     | Reached ** piety under Dithmenos
 12642 | D:10     | Noticed Psyche
 12704 | D:11     | Reached XP level 11. HP: 45/72 MP: 6/23
 12964 | D:11     | Found a staircase to the Lair.
 13039 | D:11     | Noticed a two-headed ogre
 13146 | D:11     | Killed a two-headed ogre
 13847 | D:10     | Killed Psyche
 14463 | D:10     | Learned a level 4 spell: Fulminant Prism
 14468 | D:10     | Learned a level 4 spell: Iskenderun's Mystic Blast
 14510 | Lair:1   | Entered Level 1 of the Lair of Beasts
 14666 | Lair:1   | You fall into a shaft and drop 1 floor!
 14675 | Lair:2   | Reached skill level 5 in Conjurations
 14690 | Lair:2   | Reached *** piety under Dithmenos
 14877 | Lair:2   | Reached skill level 10 in Stealth
 14899 | Lair:2   | Found a transporter.
 14908 | Lair:2   | Found a transporter.
 14911 | Lair:2   | Noticed nroviw's ghost (journeyman DrCj)
 14916 | Lair:2   | Noticed a boulder beetle
 15130 | Lair:2   | Gained mutation: Your demonic aura often causes spilled
                  | blood to erupt in flames. [demonic ancestry]
 15130 | Lair:2   | Reached XP level 12. HP: 41/80 MP: 4/25
 15420 | Lair:2   | Noticed an eight-headed hydra
 15427 | Lair:2   | Killed an eight-headed hydra
 15628 | Lair:2   | Found a staircase to the Shoals.
 15814 | Lair:2   | Identified the +4 whip "Jellybane" {pain, rPois Str+3
                  | Dex+3}
 16588 | Lair:1   | Reached skill level 10 in Spellcasting
 16982 | Lair:1   | Reached **** piety under Dithmenos
 17185 | Lair:1   | Learned a level 3 spell: Summon Guardian Golem
 17366 | Lair:3   | Found a runed translucent gate.
 17373 | Lair:3   | Noticed an 11-headed hydra
 17374 | Lair:3   | Found a runed translucent gate.
 17374 | Lair:3   | Found a runed translucent gate.
 17374 | Lair:3   | Noticed a 12-headed hydra
 17374 | Lair:3   | Noticed Huasawuy's ghost (journeyman TrHW)
 17905 | Lair:3   | Found a staircase to the Snake Pit.
 18710 | Lair:4   | Found a staircase to the Slime Pits.
 18710 | Lair:4   | Found a viscous altar of Jiyva.
 18745 | Lair:4   | Reached skill level 10 in Earth Magic
 18910 | Lair:4   | Noticed a five-headed hydra
 18921 | Lair:4   | Killed a five-headed hydra
 19154 | Lair:4   | Gained mutation: Your demonic aura causes all spilled blood
                  | to erupt in flames. [demonic ancestry]
 19154 | Lair:4   | Reached XP level 13. HP: 72/87 MP: 9/27
 19577 | Lair:4   | Noticed Nessos
 19584 | Lair:4   | Killed Nessos
 19761 | Lair:4   | Learned a level 2 spell: Blink
 19788 | Lair:5   | Entered Level 5 of the Lair of Beasts
 19933 | Lair:5   | Reached ***** piety under Dithmenos
 19943 | Lair:5   | Reached skill level 5 in Short Blades
 20876 | Lair:5   | Identified the amulet of Red Wine {Spirit rN+}
 21868 | D:12     | Found a staircase to the Orcish Mines.
 22957 | D:12     | Noticed Rupert
 23415 | D:13     | Noticed Urug
 23421 | D:13     | Killed Urug
 23496 | D:13     | Found a gate to the Vaults.
 23504 | D:13     | Gained mutation: You have a moderately thin skeletal
                  | structure. (Dex +4, Stealth++) [demonic ancestry]
 23504 | D:13     | Reached XP level 14. HP: 89/96 MP: 14/29
 23857 | D:12     | Killed Rupert
 24159 | D:12     | Found an iron altar of Okawaru.
 24550 | D:12     | Noticed Zyvuhuv's ghost (journeyman GnCj)
 24558 | D:12     | Found a transporter.
 24563 | D:12     | Found a transporter.
 24650 | D:12     | Killed Zyvuhuv's ghost
 24651 | D:12     | Reached skill level 1 in Polearms
 24831 | D:12     | Identified the ring of Wozxuofe {rPois rF- rN+ Int+4 Dex+6}
 24842 | D:12     | Learned a level 3 spell: Swiftness
 25014 | Lair:2   | Killed nroviw's ghost
 25017 | Lair:2   | Reached skill level 5 in Dodging
 25019 | Lair:2   | Identified the +0 cloak of Undesirable Species {-Cast
                  | Regen+ rCorr Str+4}
 25251 | Lair:3   | Killed Huasawuy's ghost
 25927 | Lair:5   | Reached skill level 5 in Fighting
 26603 | D:13     | Noticed Azrael
 26633 | D:13     | Killed from afar by Azrael

Illustrated notes

Levels and vault maps discovered:
D:1:      minmay_arrival_split_and_join, layout_rooms, feat_on_display
D:2:      layout_rooms, shapermc_ecumenical_altar_mp_vishouse,
          minmay_pentomino_x2
D:3:      layout_basic
D:4:      layout_basic, amethyst_overflow_temple_binary, uniq_menkaure,
          uniq_blork_the_orc, uniq_duvessa, uniq_pikel
D:5:      layout_rooms, gammafunk_ghost_nasty_kobolds, minmay_ruined_shrine
D:6:      lemuel_ice_spiral_2, layout_basic,
          riverfiend_overflow_shadow_ancestor, serial_shops, shop,
          serial_park_tiny_pond
D:7:      layout_layer_cave, lemuel_crystal_altar,
          minmay_temple_entry_enclosed_plants
D:8:      layout_loops_ring, uniq_joseph
D:9:      layout_roguey, serial_park_tiny_1, hangedman_fish_farm
D:10:     layout_gridville, uniq_psyche
D:11:     layout_long_grid, lair_entry_dummy, gauntlet_entry_generic,
          kennysheep_nondescript
D:12:     layout_loops_ring, orc_0_dummy, gammafunk_ghost_hive,
          okawaru_altar_gauntlet_db, uniq_rupert
D:13:     layout_roguey [special_room_bee], erik_vaults_2, uniq_azrael,
          uniq_erolcha, uniq_urug
Lair:1:   wander_river, layout_regular_city
Lair:2:   layout_regular_city, minmay_shoals_entry_centaurs,
          gammafunk_ghost_berserking_beasts, dreamdust_deal_with_the_devil,
          eino_small_chamber_without_monster
Lair:3:   layout_regular_city, minmay_snake_entry_guardpost_medium,
          gammafunk_ghost_hydra_chop, cheibrodos_lair_caveside_slide
Lair:4:   layout_cave_pods, slime_entry_1, infiniplex_staircase_pool_2,
          grunt_megastairs_2, serial_bayou_shore_b, uniq_nessos
Lair:5:   minmay_lair_end_enchanted_forest, layout_cave_pods,
          nicolae_volcano_entry_batcave

Skill      XL: |  1  2  3  4  5  6  7  8  9 10 11 12 13 14 |
---------------+-------------------------------------------+-----
Earth Magic    | 3 4 5 6 7 8 9 10 11 | 11.3
Dodging        | 2 3 4 5 |  5.2
Stealth        | 2 3 4 5 7 9 10 11 12 | 12.9
Spellcasting   | 3 4 5 6 7 8 9 10 11 12 | 12.3
Short Blades   | 1 2 3 4 5 |  5.4
Fighting       | 1 2 3 4 5 |  5.0
Conjurations   | 2 4 5 7 8 9 |  9.3
Armour         | 2 3 4 |  4.3
Polearms       | 2 |  2.7
Transmutations | |  0.8

Action                   |  1- 3 |  4- 6 |  7- 9 | 10-12 | 13-15 || total
-------------------------+-------+-------+-------+-------+-------++-------
Melee: Dagger            |    22 |    22 |    56 |   162 |    93 ||   355
       Tailslap          |       |     2 |     4 |    21 |    33 ||    60
       Punch             |       |       |       |     2 |     2 ||     4
       Demon trident     |       |       |       |       |    69 ||    69
Throw: Throwing net      |       |       |       |       |     2 ||     2
 Cast: Sandblast         |    44 |    58 |    69 |    17 |     4 ||   192
       Stone Arrow       |       |       |    43 |   191 |   224 ||   458
       Mephitic Cloud    |       |       |       |       |     1 ||     1
       Fulminant Prism   |       |       |       |       |     1 ||     1
Evoke: Wand              |       |       |       |       |     3 ||     3
  Use: Potion            |     4 |       |     4 |     2 |    14 ||    24
       Scroll            |     7 |       |    13 |    11 |     6 ||    37
 Stab: Sleeping          |     7 |     6 |     4 |    19 |     8 ||    44
       Paralysed         |     2 |    10 |    37 |    44 |    40 ||   133
       Distracted        |       |       |       |     1 |       ||     1
       Invisible         |       |       |       |       |     5 ||     5
Armor: Robe              |     8 |    10 |    33 |       |       ||    51
       Leather armour    |       |       |     1 |    73 |    55 ||   129
       Skin              |       |       |       |     4 |       ||     4
Dodge: Dodged            |    16 |    20 |    66 |   151 |   196 ||   449
